 Dungeon Crawl Stone Soup version 0.23.0 (webtiles) character file.

Game seed: 4740326591271256968

290 inmateoo the Chopper (level 6, -9/57 HPs)
             Began as a Deep Dwarf Monk on Feb 9, 2019.
             Mangled by Menkaure (10 damage)
             ... on level 4 of the Dungeon.
             The game lasted 00:03:20 (2240 turns).

inmateoo the Chopper (Deep Dwarf Monk)              Turns: 2240, Time: 00:03:21

Health: -9/57      AC: 11    Str: 17    XL:     6   Next: 9%
Magic:  5/5        EV:  8    Int: 10    God:
Gold:   136        SH:  0    Dex: 15    Spells: 5/5 levels left

rFire    . . .     SeeInvis .   a - +1 hand axe
rCold    . . .     Gourm    .   (no shield)
rNeg     . . .     Faith    .   f - +0 chain mail
rPois    .         Spirit   .   h - +0 helmet
rElec    .         Reflect  .   (no cloak)
rCorr    .         Harm     .   m - +0 pair of gloves
MR       .....                  (no boots)
Stlth    ..........             (no amulet)
HPRegen  0.00/turn              s - ring of wizardry
MPRegen  0.09/turn              (no ring)

@: non-regenerating
A: damage resistance, heal wounds, sense surroundings 1, no regeneration
a: Heal Wounds


You were on level 4 of the Dungeon.
You were not hungry.

You visited 1 branch of the dungeon, and saw 4 of its levels.

You collected 136 gold pieces.

Inventory:

Hand Weapons
 a - a +1 hand axe (weapon)
Armour
 f - a +0 chain mail (worn)
 h - a +0 helmet (worn)
 m - a +0 pair of gloves (worn)
Jewellery
 k - an uncursed ring of stealth
 s - a ring of wizardry (left hand)
 u - an uncursed ring of flight {unknown}
Scrolls
 g - 2 scrolls of identify
 n - a scroll of teleportation
 o - 3 scrolls of remove curse
 p - a scroll of enchant weapon
 r - a scroll of fear {unknown}
 w - a scroll of blinking {unknown}
Potions
 b - a potion of agility
 d - a potion of magic {unknown}
 e - a potion of ambrosia
 i - a potion of lignification {unknown}
 j - 3 potions of brilliance {unknown}
 l - a potion of curing {unknown}
 q - 2 potions of flight {unknown}
 t - 3 potions of resistance {unknown}
Comestibles
 c - 4 rations
 v - a chunk of flesh


   Skills:
 + Level 3.6 Fighting
 * Level 5.3 Axes
 + Level 2.8 Armour
 - Level 3.2 Dodging
 + Level 4.3 Stealth


You had 5 spell levels left.
You didn't know any spells.
Your spell library was empty.

Dungeon Overview and Level Annotations

Branches:
Dungeon (4/15)
 Temple: D:4-7

Altars:
Elyvilon
Yredelemnul

Annotations:
D:4 Menkaure


Innate Abilities, Weirdness & Mutations

You are resistant to damage.
You can heal yourself by infusing magical energy.
You passively map a small area around you.
You do not regenerate.


Message History

Menkaure closely misses you.
You are too injured to fight recklessly!
You hit Menkaure.
Menkaure is heavily damaged.
Menkaure hits you!
* * * LOW HITPOINT WARNING * * *
You are too injured to fight recklessly!
You hit Menkaure.
Menkaure is heavily damaged.
Menkaure hits you.
* * * LOW HITPOINT WARNING * * *
Menkaure hits you but does no damage.
You fail to use your ability.
Menkaure points at you and mumbles some strange words.
Pain shoots through your body!
* * * LOW HITPOINT WARNING * * *
You hit Menkaure.
Menkaure is severely damaged.
Menkaure hits you!
You die...

, * * , , , + * * * # ,
,,, * # #. * ** * ##. #.
, ....#.####### , #
$.$.........#### #.
...............#######..
#.M@...........##...
,#..............#...#
#..........÷.).'..##
#...<......#.#####...#
###........#.### ##... ,
..............# ##.. *
####...#.....#.# , ##.
.............# * ##
#####.#.⌠.⌠.#.# * #


You could see Menkaure.

Vanquished Creatures
  An ice beast (D:3)
  An orc priest (D:3)
  An orc wizard (D:3)
  A worker ant (D:4)
  3 adders
  3 worms
  3 dart slugs
  5 leopard geckos
  3 orcs (D:3)
  A ball python (D:3)
  4 giant cockroaches
  7 goblins
  10 hobgoblins
  6 bats
  5 frilled lizards
  A jackal skeleton (D:4)
  9 kobolds
  7 rats
  A spectral orc (D:2)
72 creatures vanquished.

Notes
Turn   | Place    | Note
-------+----------+-------------------------------------------
     0 | D:1      | inmateoo the Deep Dwarf Monk began the quest for the Orb.
     0 | D:1      | Reached XP level 1. HP: 20/20 MP: 1/1
   151 | D:1      | Reached XP level 2. HP: 22/27 MP: 2/2
   298 | D:1      | Reached skill level 1 in Armour
   609 | D:2      | Reached XP level 3. HP: 31/33 MP: 3/3
   640 | D:2      | Found a basalt altar of Yredelemnul.
   864 | D:2      | Reached skill level 4 in Axes
  1363 | D:3      | Reached XP level 4. HP: 19/42 MP: 4/4
  1703 | D:3      | Reached XP level 5. HP: 45/49 MP: 4/4
  1767 | D:3      | Noticed an ice beast
  1801 | D:3      | Killed an ice beast
  1801 | D:3      | Reached skill level 5 in Axes
  2200 | D:4      | Found a white marble altar of Elyvilon.
  2208 | D:4      | Reached XP level 6. HP: 35/56 MP: 5/5
  2227 | D:4      | Noticed Menkaure
  2239 | D:4      | HP: 1/57 [Menkaure/nerve-wracking pain (13)]
  2240 | D:4      | Mangled by Menkaure

Skill      XL: |  1  2  3  4  5 |
---------------+----------------+-----
Armour         | 1 2 |  2.8
Stealth        | 3 4 |  4.3
Fighting       | 3 |  3.6
Axes           | 4 5 |  5.3
Dodging        | |  3.2

Action                   |  1- 3 |  4- 6 || total
-------------------------+-------+-------++-------
Melee: Hand axe          |   181 |   120 ||   301
 Abil: Heal Wounds       |     1 |     3 ||     4
  Use: Scroll            |     6 |       ||     6
  Eat: Chunk             |     1 |     4 ||     5
Armor: Chain mail        |    98 |    88 ||   186
       Robe              |     1 |       ||     1
Dodge: Dodged            |    52 |    64 ||   116
